 Dungeon Crawl Stone Soup version 0.16-a0-787-g31dbbe7 (webtiles) character file.

553716 Ololoev the Eclecticist (level 26, -6/172 HPs)
             Began as an Octopode Ice Elementalist on Sept 25, 2014.
             Was the Champion of Vehumet.
             Mangled by a tentacled starspawn (20 damage)
             ... on Level 3 of the Abyss on Sept 27, 2014.
             The game lasted 10:11:54 (101460 turns).

Ololoev the Eclecticist (OpIE)                    Turns: 101460, Time: 10:11:55

HP  -6/172       AC  6     Str  4 (5)  XL: 26   Next: 40%
MP   3/46        EV 18     Int 26      God: Vehumet [******]
Gold 1267        SH 20     Dex 14      Spells: 12 memorised, 15 levels left

rFire  + . .     SeeInvis +     E - staff of cold
rCold  + . .     Clarity  +     Z - +5 large shield {AC+3}
rNeg   + . .     rCorr    .     I - +2 hat
rPois  +         rRot     .     F - amulet of resist mutation
rElec  +         Spirit   .     g - ring of protection from magic
SustAb .         Warding  .     t - ring "Zusuttoc" {Slay-2 Regen}
rMut   +         Stasis   .     D - ring "Voggof" {rElec rF+ MR+ Stlth+}
Gourm  .                        f - ring of protection from magic
MR     ++++.                    h - ring of positive energy
                                L - ring of see invisible
                                l - ring of poison resistance
                                e - ring of wizardry

@: about to teleport, very slightly contaminated, constricted, repel missiles,
invisible, incredibly resistant to hostile enchantments, extremely stealthy
A: almost no armour, amphibious, 8 rings, constrict 8, fangs 1, camouflage 1,
clarity, screaming 1, electricity resistance, weak 2, gelatinous body 1
a: Renounce Religion
}: 3/15 runes: serpentine, barnacled, abyssal


You were on level 3 of the Abyss.
You worshipped Vehumet.
Vehumet was exalted by your worship.
You were very full.

You visited 9 branches of the dungeon, and saw 50 of its levels.
You visited the Abyss 1 time.
You also visited: Volcano.

You collected 5965 gold pieces.
You spent 4698 gold pieces at shops.

Inventory:

Hand weapons
 u - a +5 demon whip
Armour
 I - a +2 hat (worn)
 Z - a +5 large shield of protection (worn)
Magical devices
 i - a wand of digging (6)
 y - a wand of disintegration (4)
Comestibles
 c - 22 bread rations
 k - 12 meat rations
 m - 2 beef jerkies
Scrolls
 a - 4 scrolls of amnesia
 d - 7 scrolls of teleportation
 j - 6 scrolls of immolation
 n - 12 scrolls of identify
 o - 27 scrolls of remove curse
 x - 8 scrolls of fear
 z - 5 scrolls of magic mapping
 C - 12 scrolls of recharging
 V - 7 scrolls of fog
Jewellery
 e - a ring of wizardry (on tentacle)
 f - a ring of protection from magic (on tentacle)
 g - a ring of protection from magic (left tentacle)
 h - a ring of positive energy (on tentacle)
 l - a ring of poison resistance (on tentacle)
 t - the ring "Zusuttoc" (right tentacle) {Slay-2 Regen}
   (You took it off a deep elf demonologist on level 3 of the Elven Halls)

   [ring of regeneration]

   It affects your accuracy and damage with ranged weapons and melee attacks
   (-2).
   It increases your rate of regeneration.
 D - the ring "Voggof" (on tentacle) {rElec rF+ MR+ Stlth+}
   (You found it on level 1 of the Depths)

   [ring of protection from fire]

   It protects you from fire.
   It insulates you from electricity.
   It affects your resistance to hostile enchantments.
   It makes you more stealthy.
 F - an amulet of resist mutation (around mantle)
 G - an uncursed amulet of the gourmand
 L - a ring of see invisible (on tentacle)
Potions
 b - a potion of cure mutation
 p - a potion of flight
 q - 6 potions of restore abilities
 A - 5 potions of cancellation
 S - 4 potions of brilliance
 X - 2 potions of haste
Magical staves
 E - an uncursed staff of cold (weapon)
Miscellaneous
 B - a fan of gales


   Skills:
 - Level 12.3 Fighting
 - Level 2.0 Staves
 - Level 14.2 Dodging
 - Level 10.8 Stealth
 - Level 11.4 Shields
 - Level 0.2 Unarmed Combat
 - Level 20.4 Spellcasting
 + Level 19.7 Conjurations
 - Level 1.0 Summonings
 - Level 12.9 Necromancy
 - Level 1.7 Translocations
 + Level 17.6 Ice Magic
 - Level 7.1 Air Magic
   Level 7.0 Poison Magic
 - Level 5.3 Evocations


You had 15 spell levels left.
You knew the following spells:

 Your Spells              Type           Power        Failure   Level  Hunger
a - Statue Form           Trmt/Erth      ####.....    100%        6    #......
c - Throw Icicle          Conj/Ice       ########     1%          4    None
d - Ozocubu's Armour      Chrm/Ice       #######.     1%          3    None
e - Summon Ice Beast      Ice/Summ       #######.     1%          4    None
f - Bolt of Cold          Conj/Ice       ########..   1%          6    #......
g - Orb of Destruction    Conj           #######...   1%          7    ####...
h - Apportation           Tloc           #####.....   1%          1    None
i - Blink                 Tloc           N/A          4%          2    None
j - Freezing Cloud        Conj/Ice/Air   ########..   1%          6    #......
k - Simulacrum            Ice/Necr       ########..   1%          6    #......
l - Repel Missiles        Chrm/Air       #####.       1%          2    None
m - Flight                Chrm/Air       #####.....   3%          3    None


Dungeon Overview and Level Annotations

Branches:
Dungeon (15/15)            Temple (1/1) D:5             Orc (4/4) D:11
    Elf (3/3) Orc:4          Lair (8/8) D:8          Shoals (5/5) Lair:5
  Snake (5/5) Lair:6        Slime (0/6) Lair:8       Vaults (5/5) D:14
  Crypt (0/3) Vaults:2     Depths (4/5) D:15

Altars:
Ashenzari
Cheibriados
Dithmenos
Elyvilon
Fedhas
Gozag
Kikubaaqudgha
Makhleb
Nemelex Xobeh
Okawaru
Qazlal
Ru
Sif Muna
Trog
Vehumet
Xom
Yredelemnul
Zin
The Shining One
Beogh

Shops:
D:4 !}   D:5 *   D:7 *   Orc:2 =   Orc:4 ::?}   Elf:1 ((!=(   Shoals:1 ?
Shoals:2 [   Snake:1 (   Snake:5 :   Vaults:1 :   Vaults:3 ?

Portals:
Abyss: Depths:3 Depths:4
Pandemonium: Depths:3
Ziggurat: Depths:4
Trove: D:12 (give +6 demon whip)

Annotations:
Depths:4 Jory


Innate Abilities, Weirdness & Mutations

You cannot wear most types of armour.
You are amphibious.
You can wear up to eight rings at the same time.
You can use your tentacles to constrict many enemies at once.
Your skin changes colour to match your surroundings (Stealth).
Your rubbery body absorbs attacks (AC +1).
You have very sharp teeth.
You possess an exceptional clarity of mind.
You occasionally shout uncontrollably at your foes.
You are resistant to electric shocks.
[You are very weak. (Str -4)]


Message History

The starcursed mass engulfs you!
A starcursed mass splits.
The starspawn tentacle constricts you.
Unknown command.
You hit the starcursed mass. You freeze the starcursed mass!
The starcursed mass is moderately damaged.
The starcursed mass shudders and is absorbed by its neighbour.
The tentacled starspawn bites you!! The tentacled starspawn engulfs you!!
A starcursed mass splits.
The starspawn tentacle constricts you. The tentacled starspawn bites you!!
* * * LOW HITPOINT WARNING * * *
You block the tentacled starspawn's attack.
Drink which item? (? for menu, Esc to quit)
Okay, then.
You block the starcursed mass' attack. The starspawn tentacle constricts you.
You block the tentacled starspawn's attack.
The tentacled starspawn closely misses you.
The tentacled starspawn bites you!
* * * LOW HITPOINT WARNING * * *
The tentacled starspawn engulfs you!!
You die...

###########
#.........#
#...... X.#
##..##.##..##
#...#...#...#
#..*.X.X....#
##.*#wXX..#..#
#.w.#@XXX.#...#
#...Xw*X......#
##....#X#....##
###...#*..###
##.....#+
###.### #


You could see 8 starcursed masses, 2 tentacled starspawn, 2 wretched stars and 2
starspawn tentacles.

Vanquished Creatures
  Saint Roka (Depths:4)
  Boris (twice) (Vaults:3 Depths:4)
  Margery (Depths:3)
  Norris (Snake:4)
  Mara (Depths:3)
  A golden dragon (Depths:2)
  Nikola (Shoals:2)
  2 liches
  Asterion (Elf:2)
  2 deep elf blademasters (Elf:3)
  2 titans
  A quicksilver dragon (Vaults:5)
  2 deep elf master archers (Elf:3)
  An Executioner (Abyss:3)
  A kraken (Shoals:2)
  10 tentacled starspawn
  3 tengu reavers
  A daeva (Abyss:1)
  Rupert (Shoals:2)
  A storm dragon (Depths:3)
  Roxanne (Shoals:2)
  Ilsuiw (Shoals:4)
  5 greater nagas (Snake:5)
  7 fire giants
  A balrug (Abyss:1)
  4 deep elf sorcerers (Elf:3)
  A ghost moth (shapeshifter) (Depths:2)
  6 frost giants
  A cacodemon (Abyss:3)
  8 vault wardens
  An emperor scorpion (Depths:3)
  Jorgrun (Depths:4)
  An orc warlord (Vaults:4)
  6 deep elf demonologists
  3 very ugly things
  A reaper (Abyss:3)
  2 vampire knights
  6 starcursed masses
  16 stone giants
  A lorocyproca (Abyss:1)
  9 deep elf annihilators
  6 dire elephants
  A yellow draconian (Abyss:1)
  8 ettins
  6 deep elf death magi (Elf:3)
  6 merfolk javelineers
  30 vault guards
  2 deep elf high priests (Elf:3)
  13 merfolk impalers
  Josephine (D:11)
  A minotaur (Depths:1)
  5 jiangshi
  3 fire dragons
  9 hydras
  9 yaktaur captains
  8 rakshasas
  Fannar (Lair:3)
  13 centaur warriors
  12 naga warriors
  7 great orbs of eyes
  A ghost crab (shapeshifter) (Depths:2)
  8 ironheart preservers
  12 anacondas
  7 ice dragons
  Nessos (D:11)
  4 merfolk aquamancers
  10 ogre magi
  4 sirens
  A satyr (Shoals:4)
  17 dancing weapons (Elf:2)
  3 vampire magi
  17 death yaks
  4 tengu warriors
  3 shock serpents
  8 deep troll earth magi
  5 orc high priests
  8 thrashing horrors
  3 deep troll shamans
  A sun demon (Abyss:1)
  A spriggan berserker (Depths:3)
  The ghost of TZer0 the Grappler, a powerful VSMo of Ru (D:10)
  13 naga sharpshooters
  2 catoblepae
  A hell hog (Abyss:3)
  Nergalle (Lair:1)
  20 deep elf knights
  A titan skeleton (Depths:3)
  5 wretched stars
  2 fire crabs
  A salamander mystic (Snake:3)
  4 shadow wraiths
  An ice devil (Abyss:3)
  3 hell knights
  7 skeletal warriors (Vaults:2)
  3 flayed ghosts
  4 wizards
  A storm dragon skeleton (Vaults:4)
  10 sea snakes
  8 hill giants
  10 naga ritualists
  8 deep elf summoners
  5 giant orange brains
  17 large abominations
  9 unseen horrors
  13 deep trolls
  7 ironbrand convokers
  23 orc knights
  7 fauns (Shoals:4)
  46 ugly things
  A wolf spider zombie (D:15)
  24 deep elf conjurers
  24 harpies
  A draconian (shapeshifter) (Abyss:3)
  4 sixfirhies
  20 griffons
  6 salamanders
  9 necromancers
  6 mana vipers
  4 red wasps
  A stone giant zombie (Depths:2)
  7 orc sorcerers
  2 wolf spiders
  4 cyclopes
  A tengu skeleton (Vaults:2)
  15 elephants
  A mermaid (shapeshifter) (Vaults:2)
  An iron dragon skeleton (Depths:3)
  A worldbinder (Abyss:3)
  2 frost giant skeletons
  38 black mambas
  Maurice (Orc:1)
  A water nymph (Shoals:2)
  8 mermaids
  10 manticores
  Joseph (D:9)
  6 vault sentinels
  3 gargoyles
  7 guardian serpents
  A torpor snail (shapeshifter) (D:15)
  An eye of devastation (shapeshifter) (Depths:3)
  3 iron devils
  An orange demon (Abyss:2)
  An item mimic (D:15)
  An apocalypse crab (Abyss:3)
  A dire elephant skeleton (Abyss:3)
  2 orange crystal statues
  7 spiny frogs
  23 naga magi
  A molten gargoyle (Volcano)
  5 smoke demons
  6 komodo dragons
  A kobold demonologist (Abyss:1)
  An efreet (Abyss:3)
  44 yaktaurs
  A feature mimic (Orc:3)
  A shadow dragon simulacrum (Abyss:2)
  9 ancient zymes
  A yaktaur (shapeshifter) (Depths:2)
  27 merfolk
  A spriggan druid (Lair:6)
  Grinder (D:3)
  A yaktaur skeleton (Vaults:2)
  A polar bear (shapeshifter) (Elf:3)
  2 freezing wraiths
  A hydra zombie (D:11)
  2 wind drakes
  A tengu conjurer (Depths:2)
  A hellwing (Abyss:3)
  A fire vortex (Volcano)
  30 deep elf priests
  5 polar bears
  3 fire drakes
  Sonja (D:12)
  A wind drake (shapeshifter) (Vaults:4)
  11 trolls
  22 two-headed ogres
  9 snapping turtles
  14 blink frogs
  8 ravens
  21 slime creatures
  15 raiju
  6 boulder beetles
  A basilisk (Lair:2)
  A trapdoor spider (D:14)
  A basilisk (shapeshifter) (Depths:3)
  4 vampires
  2 spriggans (shapeshifter)
  A shadow (D:11)
  A tarantella (Elf:1)
  2 spriggans
  An air elemental (Abyss:2)
  2 griffon skeletons
  13 hippogriffs
  2 tarantellas (shapeshifter)
  4 wyverns
  5 hungry ghosts
  12 water elementals
  36 deep elf magi
  5 wraiths
  6 chaos spawn
  A steam dragon (D:11)
  5 ynoxinuls
  A golden eye (Abyss:1)
  2 neqoxecs
  22 yaks
  A human (shapeshifter) (Vaults:1)
  19 humans (D:14)
  51 deep elf fighters
  12 vampire mosquitoes
  A hippogriff (shapeshifter) (Elf:1)
  53 nagas
  35 wolves
  Edmund (D:5)
  2 soldier ants
  4 wargs
  6 ice beasts
  39 small abominations
  10 hell hounds (Depths:2)
  3 mottled dragons
  37 water moccasins
  57 orc warriors
  3 phantoms
  8 porcupines
  4 yellow wasps
  A necrophage (D:15)
  3 black bears
  A manticore skeleton (D:15)
  6 boggarts
  34 centaurs
  A boring beetle (shapeshifter) (Depths:3)
  4 sky beasts
  52 ogres
  13 crocodiles
  Sigmund (D:4)
  Duvessa (D:4)
  A brain worm (Abyss:2)
  A big kobold (D:9)
  28 giant frogs
  A yaktaur zombie (D:15)
  12 human skeletons
  An earth elemental (Abyss:3)
  A deep troll simulacrum (Vaults:2)
  6 scorpions
  A wyvern skeleton (D:11)
  An eye of draining (D:13)
  A cyclops skeleton (D:12)
  2 goliath beetles
  6 crimson imps
  A troll skeleton (D:11)
  A yak skeleton (D:8)
  6 wights (D:15)
  Dowan (D:4)
  14 killer bees
  An electric eel (Lair:5)
  A giant frog zombie (D:11)
  17 jellies
  A giant frog skeleton (D:4)
  16 hounds
  Crazy Yiuf (D:3)
  12 human zombies
  14 iguanas
  2 centaur skeletons
  37 orc priests
  16 worker ants
  7 elf zombies
  31 orc wizards
  3 quasits
  2 iron imps
  An orange rat (Elf:2)
  11 sheep
  Jessica (D:3)
  A hound zombie (D:8)
  2 ogre skeletons
  A hound skeleton (D:4)
  A mummy (D:10)
  25 green rats
  A worker ant zombie (D:11)
  A scorpion zombie (D:8)
  30 adders
  5 gnolls
  6 shadow imps
  3 white imps
  A giant mite (D:5)
  2 worms (D:3)
  6 ufetubi
  An adder skeleton (D:5)
  8 oozes
  186 orcs
  A bat skeleton (D:4)
  3 giant cockroaches
  24 hobgoblins
  7 jackals
  24 bats
  5 giant geckos
  11 giant newts
  A giant spore (D:8)
  29 goblins
  A hobgoblin skeleton (D:5)
  17 kobolds
  2 lurking horrors
  3 orc skeletons
  2 orc zombies
  13 quokkas
  18 rats
  2 ballistomycetes (D:8)
  A bush (D:4)
  2 butterflies (D:5)
  2 crawling corpses (Elf:2)
  7 fungi
  5 plants
  3 starspawn tentacles (Abyss:3)
  A tentacle (Shoals:2)
2431 creatures vanquished.

Vanquished Creatures (collateral kills)
  Mennas (Depths:4)
  A kraken (Shoals:5)
  2 greater nagas (Snake:5)
  4 fire giants
  A vault warden (Vaults:1)
  Aizul (Snake:4)
  An emperor scorpion (Depths:2)
  2 frost giants (Depths:2)
  2 rakshasas (Depths:2)
  A spriggan defender (Depths:3)
  2 stone giants
  A very ugly thing (Depths:1)
  A vampire knight (Depths:4)
  A dire elephant (Depths:2)
  2 deep elf death magi
  A merfolk javelineer (Shoals:5)
  An ettin (Depths:2)
  A jiangshi (Depths:2)
  3 merfolk impalers
  2 yaktaur captains
  2 great orbs of eyes
  A spriggan air mage (Depths:3)
  Harold (Lair:2)
  A hydra (Lair:3)
  3 ice dragons (Depths:2)
  2 ironheart preservers
  4 naga warriors
  2 anacondas
  An ogre mage (Vaults:1)
  A centaur warrior (Vaults:3)
  4 death yaks
  2 deep troll earth magi
  2 deep troll shamans
  A vampire mage (Depths:2)
  A spriggan berserker (Depths:3)
  3 naga sharpshooters (Snake:5)
  A shadow wraith (Depths:2)
  3 hell knights (Depths:3)
  A storm dragon skeleton (Vaults:3)
  2 deep elf knights (Elf:2)
  A skeletal warrior (Vaults:2)
  2 flayed ghosts
  A sea snake (Shoals:4)
  4 naga ritualists
  4 deep trolls
  A wolf spider (Vaults:1)
  A deep elf conjurer (Elf:2)
  3 fauns (Shoals:4)
  2 mana vipers (Snake:5)
  2 ugly things
  2 salamanders
  A manticore (Shoals:4)
  A water nymph (Shoals:4)
  An elephant (Lair:3)
  5 naga magi (Snake:5)
  A guardian serpent (Snake:2)
  A torpor snail (Depths:2)
  A spiny frog (Lair:1)
  A death yak zombie (Depths:2)
  11 black mambas
  A freezing wraith (Vaults:3)
  A deep elf priest (Elf:2)
  8 merfolk
  5 yaktaurs (Depths:2)
  2 two-headed ogres (Vaults:1)
  A raven (Depths:3)
  A sphinx simulacrum (Depths:3)
  A basilisk (Lair:2)
  2 snapping turtles (Shoals:4)
  A spriggan zombie (Depths:3)
  A redback (shapeshifter) (Vaults:3)
  2 deep elf magi (Elf:2)
  A spriggan (Depths:3)
  5 water elementals
  A hungry ghost (D:11)
  A yaktaur simulacrum (Vaults:3)
  2 deep elf fighters (Elf:2)
  2 hell hounds (Depths:2)
  A swamp drake (D:11)
  10 nagas (Snake:5)
  3 water moccasins
  A giant frog (Lair:3)
  A human skeleton (Vaults:3)
  A hound (Lair:1)
  An iguana (Lair:3)
  2 green rats (Lair:1)
  2 adders
  4 orcs (D:11)
  A ball python (Snake:2)
  2 tentacles (Shoals:5)
  A tentacle segment (Shoals:5)
183 creatures vanquished.

Vanquished Creatures (others)
  A deep troll earth mage (Depths:4)
  A large abomination (Abyss:3)
  An air elemental (Depths:4)
  A blue devil (Abyss:1)
  A deep elf mage (Elf:2)
  A hippogriff (Lair:8)
  18 ice beasts
  3 elf skeletons (Elf:2)
  4 lost souls
  A troll zombie (Elf:2)
  An eye of draining (Abyss:3)
  26 elf zombies
  A starcursed mass (Abyss:3)
  An adder (Lair:8)
  An orc skeleton (Elf:2)
  2 orc zombies (Elf:2)
  7 fungi
  11 plants
  18 starspawn tentacles (Abyss:3)
  81 starspawn tentacle segments (Abyss:3)
  8 tentacles
  79 tentacle segments
  9 toadstools (Lair:5)
277 creatures vanquished.

Grand Total: 2891 creatures vanquished

Notes
Turn   | Place    | Note
--------------------------------------------------------------
     0 | D:1      | Ololoev, the Octopode Ice Elementalist, began the quest for the Orb.
     0 | D:1      | Reached XP level 1. HP: 11/11 MP: 3/3
   496 | D:1      | Reached XP level 2. HP: 15/17 MP: 4/4
   500 | D:1      | Learned a level 2 spell: Throw Frost
   968 | D:1      | Reached XP level 3. HP: 21/21 MP: 6/6
  1635 | D:2      | Reached XP level 4. HP: 21/27 MP: 7/7
  2285 | D:3      | Noticed Grinder
  2289 | D:3      | Killed Grinder
  2289 | D:3      | Reached skill level 5 in Conjurations
  2289 | D:3      | Reached XP level 5. HP: 24/31 MP: 7/9
  2289 | D:3      | Reached XP level 6. HP: 27/36 MP: 7/10
  2395 | D:3      | Learned a level 4 spell: Throw Icicle
  2552 | D:3      | Noticed Jessica
  2565 | D:3      | Killed Jessica
  2756 | D:3      | Reached skill level 5 in Ice Magic
  2987 | D:3      | Found a bloodstained altar of Trog.
  3174 | D:3      | Noticed Crazy Yiuf
  3188 | D:3      | Killed Crazy Yiuf
  3188 | D:3      | Reached XP level 7. HP: 41/41 MP: 2/12
  3290 | D:4      | Noticed Duvessa
  3290 | D:4      | Noticed Dowan
  3514 | D:4      | Found Boalep's Gadget Emporium.
  3516 | D:4      | Found Frenil's Distillery.
  3670 | D:4      | Bought a potion of curing for 28 gold pieces
  3670 | D:4      | Bought a potion of agility for 35 gold pieces
  3671 | D:4      | Noticed Sigmund
  3689 | D:4      | Found a stormy altar of Qazlal.
  3690 | D:4      | Found a snail-covered altar of Cheibriados.
  3692 | D:4      | Found a sacrificial altar of Ru.
  4154 | D:4      | Killed Duvessa
  4187 | D:4      | Killed Dowan
  4187 | D:4      | Reached skill level 6 in Conjurations
  4371 | D:4      | Killed Sigmund
  4483 | D:4      | Bought a potion of brilliance for 35 gold pieces
  4701 | D:4      | Learned a level 3 spell: Ozocubu's Armour
  4833 | D:4      | Reached XP level 8. HP: 39/46 MP: 9/13
  5123 | D:4      | Found a burning altar of Makhleb.
  5390 | D:4      | Bought a potion of might for 35 gold pieces
  5436 | D:5      | Entered Level 5 of the Dungeon
  5457 | D:5      | Found a staircase to the Ecumenical Temple.
  5471 | Temple   | Entered the Ecumenical Temple
  5654 | D:5      | Noticed Edmund
  5661 | D:5      | Killed Edmund
  5661 | D:5      | Reached skill level 7 in Ice Magic
  6351 | D:5      | Found Lutucyab's Assorted Antiques.
  7107 | D:6      | Reached skill level 8 in Ice Magic
  8274 | D:4      | Bought a potion of restore abilities for 42 gold pieces
  8274 | D:4      | Bought a potion of lignification for 28 gold pieces
  8454 | D:7      | Found Acwuis' Assorted Antiques.
  8510 | D:7      | Reached XP level 9. HP: 51/51 MP: 6/16
  9015 | D:7      | Reached skill level 9 in Ice Magic
  9085 | D:7      | Found a sparkling altar of Nemelex Xobeh.
 10257 | D:7      | Learned a level 4 spell: Summon Ice Beast
 10362 | D:8      | Found a shattered altar of Ashenzari.
 10401 | D:8      | Reached skill level 1 in Summonings
 10401 | D:8      | Reached skill level 10 in Ice Magic
 10820 | D:4      | Bought a potion of cancellation for 77 gold pieces
 11059 | D:8      | Reached skill level 1 in Fighting
 11230 | D:8      | Reached XP level 10. HP: 49/59 MP: 11/21
 11546 | D:8      | Found a staircase to the Lair.
 11547 | D:8      | Noticed a komodo dragon
 11569 | D:8      | Reached skill level 5 in Spellcasting
 11640 | D:8      | Killed a komodo dragon
 11780 | Lair:1   | Entered Level 1 of the Lair of Beasts
 13034 | D:9      | Noticed Joseph
 13055 | D:9      | Killed Joseph
 13055 | D:9      | Reached skill level 1 in Shields
 13395 | D:9      | Found a white marble altar of Elyvilon.
 13395 | D:9      | Found a glowing golden altar of the Shining One.
 13396 | D:9      | Found a glowing silver altar of Zin.
 13953 | D:9      | Found a radiant altar of Vehumet.
 13957 | D:9      | Identified Vehumet's Handbook of Conjuration
 13960 | D:9      | Became a worshipper of Vehumet
 13965 | D:9      | Found an ancient bone altar of Kikubaaqudgha.
 13969 | D:9      | Identified Kikubaaqudgha's Disquisition on Evil
 13974 | D:9      | Found a deep blue altar of Sif Muna.
 13978 | D:9      | Identified Sif Muna's Catalogue of Protection
 14235 | D:10     | Entered Level 10 of the Dungeon
 14238 | D:10     | Noticed a brown ugly thing
 14343 | D:10     | Noticed TZer0's ghost (powerful VSMo)
 14465 | D:10     | Killed TZer0's ghost
 14465 | D:10     | Reached skill level 5 in Dodging
 14755 | D:10     | Reached XP level 11. HP: 36/67 MP: 4/25
 15390 | D:10     | Reached skill level 10 in Conjurations
 15985 | D:10     | Killed a red ugly thing
 16203 | D:11     | Noticed Nessos
 16221 | D:11     | Noticed a hill giant
 16229 | D:11     | Killed a hill giant
 16715 | D:8      | Acquired Vehumet's first power
 16715 | D:8      | Offered knowledge of Shock by Vehumet.
 17216 | D:7      | Bought a scroll of identify for 56 gold pieces
 17216 | D:7      | Bought a gold wand for 112 gold pieces
 17461 | Lair:1   | Noticed Nergalle
 17483 | Lair:1   | Noticed a spectral orc warlord
 17546 | D:8      | HP: 3/67 [poisoned by a spectral orc knight]
 17554 | D:8      | HP: 3/67 [poisoned by a spectral orc knight]
 17872 | Lair:1   | Killed Nergalle
 17872 | Lair:1   | Reached skill level 11 in Conjurations
 18068 | Lair:1   | Learned a level 5 spell: Venom Bolt
 18177 | Lair:1   | Reached skill level 1 in Poison Magic
 19260 | Lair:2   | Noticed an eight-headed hydra
 19614 | Lair:2   | Noticed Harold
 19626 | Lair:1   | Offered knowledge of Flame Tongue by Vehumet.
 19761 | Lair:2   | Killed Harold
 19761 | Lair:2   | Reached skill level 5 in Poison Magic
 20657 | Lair:2   | Found a blossoming altar of Fedhas.
 20901 | Lair:2   | Killed an eight-headed hydra
 20901 | Lair:2   | Reached XP level 12. HP: 72/72 MP: 5/26
 21959 | Lair:2   | Offered knowledge of Conjure Flame by Vehumet.
 22304 | Lair:3   | Noticed Fannar
 22316 | Lair:3   | Killed Fannar
 22509 | Lair:3   | Reached skill level 12 in Conjurations
 22831 | Lair:3   | Noticed a seven-headed hydra
 22846 | Lair:3   | Killed a seven-headed hydra
 22846 | Lair:3   | Acquired Vehumet's second power
 22852 | Lair:3   | Noticed a five-headed hydra
 23019 | Lair:3   | Killed a five-headed hydra
 23168 | Lair:3   | Gained mutation: You can spit poison. [potion of mutation]
 23168 | Lair:3   | Gained mutation: Space occasionally distorts in your vicinity. [potion of mutation]
 23168 | Lair:3   | Gained mutation: One of your tentacles bears a spike. [potion of mutation]
 23910 | Lair:4   | Upgraded the game from 0.16-a0-778-g0731923 to 0.16-a0-783-gf476f6a
 24144 | Lair:4   | Found a glowing silver altar of Zin.
 24144 | Lair:4   | Noticed a death yak
 24144 | Lair:4   | Noticed a death yak
 24144 | Lair:4   | Noticed a death yak
 24154 | Lair:4   | Learned a level 7 spell: Orb of Destruction
 24160 | Lair:4   | Killed a death yak
 24160 | Lair:4   | Reached XP level 13. HP: 77/77 MP: 17/28
 24163 | Lair:4   | Noticed a death yak
 24167 | Lair:4   | Killed a death yak
 24299 | Lair:4   | Noticed a death yak
 24302 | Lair:4   | Killed a death yak
 24302 | Lair:4   | Reached skill level 13 in Conjurations
 24941 | Lair:4   | Offered knowledge of Stone Arrow by Vehumet.
 25218 | Lair:4   | Killed a death yak
 25233 | Lair:4   | Killed a death yak
 26203 | Lair:5   | Found a staircase to the Shoals.
 26674 | Lair:5   | Noticed a dire elephant
 26674 | Lair:5   | Noticed a dire elephant
 26709 | Lair:5   | Killed a dire elephant
 26709 | Lair:5   | Reached skill level 14 in Conjurations
 26744 | Lair:5   | Killed a dire elephant
 27335 | Lair:6   | Acquired Vehumet's third power
 27812 | Lair:6   | Found a staircase to the Snake Pit.
 28534 | Lair:6   | Offered knowledge of Dazzling Spray by Vehumet.
 29119 | Lair:6   | Reached skill level 15 in Conjurations
 29119 | Lair:6   | Reached XP level 14. HP: 83/83 MP: 16/31
 29566 | Lair:7   | Reached skill level 10 in Spellcasting
 30887 | Lair:8   | Entered Level 8 of the Lair of Beasts
 30935 | Lair:8   | Found a dark tunnel.
 30940 | Volcano  | Entered a volcano
 32565 | Lair:8   | Found a staircase to the Slime Pits.
 32859 | Lair:8   | Offered knowledge of Poison Arrow by Vehumet.
 33298 | Lair:8   | Noticed an acid blob
 33936 | Lair:8   | Reached XP level 15. HP: 87/97 MP: 27/35
 34441 | D:5      | Bought a scroll of teleportation for 75 gold pieces
 34441 | D:5      | Bought a potion of haste for 175 gold pieces
 34441 | D:5      | Bought a scroll of identify for 50 gold pieces
 34441 | D:5      | Bought a scroll of identify for 50 gold pieces
 34441 | D:5      | Bought 2 potions of curing for 100 gold pieces
 34441 | D:5      | Bought a shiny large shield for 112 gold pieces
 34696 | D:11     | Killed Nessos
 35063 | D:11     | Found a staircase to the Orcish Mines.
 35594 | D:11     | Noticed Josephine
 35599 | D:11     | Killed Josephine
 35654 | D:10     | Lost mutation: One of your tentacles bears a spike. [mutagenic meat]
 35655 | D:10     | Gained mutation: You are clumsy. (Dex -2) [mutagenic meat]
 35656 | D:10     | Gained mutation: Your vision is a little blurry. [mutagenic meat]
 35657 | D:10     | Lost mutation: You can spit poison. [potion of cure mutation]
 35657 | D:10     | Lost mutation: You are clumsy. (Dex -2) [potion of cure mutation]
 35657 | D:10     | Lost mutation: Your vision is a little blurry. [potion of cure mutation]
 35657 | D:10     | Lost mutation: Space occasionally distorts in your vicinity. [potion of cure mutation]
 35917 | D:11     | Reached skill level 5 in Stealth
 36444 | D:11     | Noticed a hill giant
 36453 | D:11     | Killed a hill giant
 36815 | D:12     | Reached XP level 16. HP: 103/103 MP: 32/36
 36902 | D:12     | Noticed Sonja
 36904 | D:12     | Killed Sonja
 37490 | D:12     | Found a portal to a secret trove of treasure.
 37933 | D:13     | Found a basalt altar of Yredelemnul.
 39062 | D:14     | Learned a level 1 spell: Apportation
 39065 | D:14     | Learned a level 2 spell: Blink
 39148 | D:14     | Reached skill level 1 in Translocations
 39229 | D:14     | Offered knowledge of Freezing Cloud by Vehumet.
 39238 | D:14     | Learned a level 6 spell: Freezing Cloud
 39417 | D:14     | Reached skill level 1 in Air Magic
 39583 | D:14     | Found a gate to the Vaults.
 39983 | D:15     | Entered Level 15 of the Dungeon
 40196 | D:15     | Reached skill level 5 in Air Magic
 41163 | D:15     | Found a staircase to the Depths.
 41352 | D:15     | Reached skill level 5 in Shields
 41578 | D:15     | Found a basalt altar of Yredelemnul.
 42074 | Depths:1 | Entered Level 1 of the Depths
 42430 | Depths:1 | Got a shimmering shortbow
 42436 | Depths:1 | Identified the cursed +2 shortbow of Fiydd {venom, rF+} (You found it on level 1 of the Depths)
 42731 | Depths:1 | Reached XP level 17. HP: 88/108 MP: 21/37
 42894 | Depths:1 | Found a gateway to Hell.
 43427 | Depths:1 | Offered knowledge of Force Lance by Vehumet.
 44196 | Orc:1    | Entered Level 1 of the Orcish Mines
 44198 | Orc:1    | Noticed Maurice
 44204 | Orc:1    | Killed Maurice
 44204 | Orc:1    | Reached skill level 10 in Shields
 45208 | Orc:2    | Found Fuam's Jewellery Shop.
 45219 | Orc:2    | Bought an uncursed ring of wizardry for 450 gold pieces
 45558 | Orc:2    | Offered knowledge of Spellforged Servitor by Vehumet.
 45747 | Orc:1    | Found a roughly hewn altar of Beogh.
 45982 | Orc:2    | Found a roughly hewn altar of Beogh.
 46348 | Orc:4    | Entered Level 4 of the Orcish Mines
 46755 | Orc:4    | Found Maup's Magic Scroll Shoppe.
 46755 | Orc:4    | Found Wile's Gadget Boutique.
 46756 | Orc:4    | Found Chacunic's Book Shoppe.
 46756 | Orc:4    | Found Cleh's Book Boutique.
 46768 | Orc:4    | Bought a scroll of fog for 34 gold pieces
 47102 | Orc:4    | Found a staircase to the Elven Halls.
 47468 | Elf:1    | Entered Level 1 of the Elven Halls
 47468 | Elf:1    | Found Ycachatib's Antique Weapon Shoppe.
 47737 | Elf:1    | Offered knowledge of Ozocubu's Refrigeration by Vehumet.
 47853 | Elf:1    | Found Qusidur's Antique Weapon Boutique.
 48040 | Elf:1    | Identified the Reference Book on Battle Magic
 48380 | Elf:1    | Found Ghyeluho's Distillery.
 48527 | Elf:1    | Found Tisahuat's Jewellery Shoppe.
 48532 | Elf:1    | Found Bimeacu's Antique Weapon Shoppe.
 49438 | Shoals:1 | Entered Level 1 of the Shoals
 50055 | Orc:4    | Bought a book of Unlife for 1105 gold pieces
 50061 | Orc:4    | Learned a level 4 spell: Animate Dead
 50068 | Orc:4    | Learned a level 6 spell: Simulacrum
 50246 | Elf:2    | Reached skill level 1 in Necromancy
 50528 | Elf:2    | Learned a level 2 spell: Repel Missiles
 50602 | Elf:2    | Identified a scroll of acquirement
 50649 | Elf:2    | Reached XP level 18. HP: 91/114 MP: 21/38
 51118 | Elf:2    | Reached skill level 5 in Necromancy
 51156 | Elf:2    | Offered knowledge of Conjure Ball Lightning by Vehumet.
 52575 | Elf:2    | Noticed Asterion
 52588 | Elf:2    | Killed Asterion
 53355 | Elf:3    | Entered Level 3 of the Elven Halls
 53587 | Elf:3    | Reached skill level 10 in Necromancy
 54045 | Elf:3    | Got a smoking granite ring
 54054 | Elf:3    | Identified the ring "Zusuttoc" {Slay-2 Regen} (You took it off a deep elf demonologist on level 3 of the Elven Halls)
 54409 | Elf:3    | Reached XP level 19. HP: 118/118 MP: 22/39
 54572 | Elf:3    | Learned a level 3 spell: Flight
 55085 | Elf:3    | Offered knowledge of Bolt of Cold by Vehumet.
 55121 | Elf:3    | Got a shimmering hunting sling
 55122 | Elf:3    | Identified the cursed +0 hunting sling of Quick Death {venom, rN+ Str+3} (You found it on level 3 of the Elven Halls)
 55288 | Elf:3    | Identified the Catalogue of Quantum Self-Knowledge
 55340 | Elf:3    | Got an uncursed bloodstained morningstar
 55341 | Elf:3    | Identified the +8 morningstar of the Spheres {crush, +Rage Dex+2 Int+2} (You took it off a deep elf fighter on level 3 of the Elven Halls)
 56795 | Shoals:1 | Reached skill level 15 in Spellcasting
 57014 | Shoals:1 | Learned a level 6 spell: Bolt of Cold
 57050 | Shoals:1 | Found Velata's Magic Scroll Boutique.
 57057 | Shoals:1 | Bought a scroll of identify for 24 gold pieces
 57057 | Shoals:1 | Bought a scroll of identify for 24 gold pieces
 57057 | Shoals:1 | Bought a scroll of blinking for 90 gold pieces
 57057 | Shoals:1 | Bought a scroll of blinking for 90 gold pieces
 57440 | Shoals:2 | Found Qionkoj's Armour Shoppe.
 57731 | Shoals:2 | Noticed Rupert
 57735 | Shoals:2 | Killed Rupert
 57828 | Shoals:2 | Noticed Nikola
 57850 | Shoals:2 | Killed Nikola
 58726 | Shoals:2 | Noticed Roxanne
 58738 | Shoals:2 | Killed Roxanne
 58738 | Shoals:2 | Reached skill level 16 in Spellcasting
 58844 | Shoals:2 | Identified Roxanne's Disquisition on Moulding (You took it off Roxanne on level 2 of the Shoals)
 60395 | Shoals:4 | Noticed Ilsuiw
 60399 | Shoals:4 | Killed Ilsuiw
 60742 | Shoals:4 | Reached skill level 17 in Spellcasting
 60900 | Shoals:4 | Reached XP level 20. HP: 119/125 MP: 27/41
 61325 | Shoals:5 | Entered Level 5 of the Shoals
 62267 | Shoals:5 | Reached skill level 18 in Spellcasting
 62374 | Shoals:5 | Got a barnacled rune of Zot
 62964 | D:14     | Got a distressingly furry helmet
 62965 | D:14     | Identified the cursed -4 helmet of the Ladybird {+Fly Str+3} (You found it on level 14 of the Dungeon)
 63150 | Depths:1 | Got a flickering amber ring
 63160 | Depths:1 | Identified the ring "Voggof" {rElec rF+ MR+ Stlth+} (You found it on level 1 of the Depths)
 64230 | Depths:2 | Reached skill level 19 in Spellcasting
 65060 | Depths:2 | Found a gateway to Hell.
 65785 | Depths:2 | Noticed a golden dragon
 66156 | Depths:2 | Reached XP level 21. HP: 120/129 MP: 21/43
 66636 | Depths:3 | Noticed Mara
 66998 | Depths:3 | Reached skill level 20 in Spellcasting
 67220 | Depths:3 | Reached skill level 10 in Stealth
 67220 | Depths:3 | Reached XP level 22. HP: 135/135 MP: 36/44
 67632 | Depths:3 | Noticed Ololoev's illusion
 67822 | Depths:3 | Upgraded the game from 0.16-a0-783-gf476f6a to 0.16-a0-787-g31dbbe7
 68033 | Depths:3 | Found a gateway to Hell.
 68062 | Depths:3 | Noticed Ololoev's illusion
 68749 | Snake:1  | Entered Level 1 of the Snake Pit
 69325 | Snake:1  | Found Warchapt's Weapon Shoppe.
 70342 | Snake:2  | Reached skill level 1 in Staves
 70370 | Snake:2  | Gained mutation: You are resistant to electric shocks. [mutagenic meat]
 70371 | Snake:2  | Gained mutation: You occasionally shout uncontrollably at your foes. [mutagenic meat]
 70547 | Snake:2  | Offered knowledge of Fire Storm by Vehumet.
 70547 | Snake:2  | Offered knowledge of Glaciate by Vehumet.
 70547 | Snake:2  | Offered knowledge of Chain Lightning by Vehumet.
 72614 | Snake:4  | Reached skill level 1 in Evocations
 72636 | Snake:4  | Noticed Aizul
 72649 | Snake:4  | Killed Aizul
 73290 | Snake:4  | Noticed Norris
 73296 | Snake:4  | Killed Norris
 73410 | Snake:4  | Reached skill level 10 in Dodging
 73543 | Snake:5  | Entered Level 5 of the Snake Pit
 73776 | Snake:5  | Learned a level 6 spell: Statue Form
 73839 | Snake:5  | Found Quituegi's Book Emporium.
 74096 | Snake:5  | Reached XP level 23. HP: 137/146 MP: 2/45
 74973 | Snake:5  | Reached skill level 10 in Fighting
 75989 | Snake:5  | Reached skill level 5 in Evocations
 76331 | Snake:5  | Got a serpentine rune of Zot
 77283 | Vaults:1 | Entered Level 1 of the Vaults
 77824 | Vaults:1 | Gained mutation: You are partially covered in slimy green scales (AC +2). [mutagenic meat]
 77825 | Vaults:1 | Gained mutation: Your spells are a little harder to cast, but a little more powerful. [mutagenic meat]
 78042 | Vaults:1 | Gained mutation: You are somewhat resistant to further mutation. [mutagenic meat]
 78071 | Vaults:1 | Lost mutation: You are partially covered in slimy green scales (AC +2). [mutagenic meat]
 78072 | Vaults:1 | Gained mutation: You passively map a small area around you. [mutagenic meat]
 78155 | Vaults:1 | Found Fryguaj's Book Emporium.
 78553 | Vaults:1 | Got a smoking cloak
 78554 | Vaults:1 | Identified the +2 cloak "Inguits" {Int+3 Slay+5 SInv Stlth+} (You found it on level 1 of the Vaults)
 78567 | Vaults:1 | Gained mutation: You sometimes yell uncontrollably at your foes. [mutagenic meat]
 78574 | Vaults:1 | Gained mutation: Your vision is a little blurry. [mutagenic meat]
 79143 | Elf:1    | Bought a potion of cure mutation for 455 gold pieces
 79144 | Elf:1    | Lost mutation: Your spells are a little harder to cast, but a little more powerful. [potion of cure mutation]
 79144 | Elf:1    | Lost mutation: You passively map a small area around you. [potion of cure mutation]
 79144 | Elf:1    | Lost mutation: You are somewhat resistant to further mutation. [potion of cure mutation]
 79144 | Elf:1    | Lost mutation: Your vision is a little blurry. [potion of cure mutation]
 79144 | Elf:1    | Lost mutation: You sometimes yell uncontrollably at your foes. [potion of cure mutation]
 80286 | Vaults:1 | Found a bloodstained altar of Trog.
 81103 | Vaults:2 | Gained mutation: You possess an exceptional clarity of mind. [mutagenic meat]
 81104 | Vaults:2 | Gained mutation: You are agile. (Dex +2) [mutagenic meat]
 81105 | Vaults:2 | Lost mutation: You are agile. (Dex +2) [mutagenic meat]
 81106 | Vaults:2 | Gained mutation: You have very sharp teeth. [mutagenic meat]
 81527 | Orc:2    | Bought an uncursed amulet of resist mutation for 600 gold pieces
 81527 | Orc:2    | Bought an uncursed amulet of the gourmand for 450 gold pieces
 82515 | Vaults:2 | Reached XP level 24. HP: 140/159 MP: 37/45
 84457 | Vaults:2 | Found a staircase to the Crypt.
 84993 | Vaults:3 | Found Saarph's Magic Scroll Shop.
 85048 | Vaults:3 | Bought a scroll of blinking for 112 gold pieces
 85048 | Vaults:3 | Bought a scroll of fog for 30 gold pieces
 85048 | Vaults:3 | Bought a scroll of magic mapping for 52 gold pieces
 85048 | Vaults:3 | Bought a scroll of teleportation for 45 gold pieces
 85621 | Vaults:3 | Noticed Boris
 85688 | Vaults:3 | Killed Boris
 87911 | Vaults:4 | Found a roughly hewn altar of Beogh.
 88835 | Vaults:5 | Entered Level 5 of the Vaults
 88996 | Vaults:5 | Noticed an ancient lich
 89015 | Vaults:5 | Reached XP level 25. HP: 85/166 MP: 38/45
 89896 | Depths:3 | Noticed Ololoev's illusion
 90197 | Depths:2 | Killed a golden dragon
 90418 | Depths:3 | Noticed Ololoev's illusion
 90423 | Depths:3 | Killed Mara
 90646 | Depths:3 | Reached skill level 15 in Ice Magic
 90994 | Depths:3 | Found a one-way gate leading to the halls of Pandemonium.
 91193 | Depths:3 | Found a one-way gate to the infinite horrors of the Abyss.
 91343 | Depths:3 | Noticed Margery
 91349 | Depths:3 | Killed Margery
 92562 | Depths:4 | Found a gateway to a ziggurat.
 92563 | Depths:4 | Noticed Jorgrun
 92569 | Depths:4 | Killed Jorgrun
 92702 | Depths:4 | Found a gateway to Hell.
 92840 | Depths:4 | Noticed Saint Roka
 92866 | Depths:4 | Killed Saint Roka
 93067 | Depths:4 | Noticed Mennas
 93118 | Depths:4 | Killed Mennas
 93285 | Depths:4 | Noticed Boris
 93292 | Depths:4 | Killed Boris
 93513 | Depths:4 | Noticed Jory
 93686 | Depths:4 | HP: 4/166 [Jory/glowing war axe (8)]
 94882 | Orc:4    | Bought a scroll of enchant weapon for 127 gold pieces
 96835 | Depths:3 | Voluntarily entered the Abyss.
 98400 | Abyss:2  | Found a corrupted altar of Lugonu.
 98552 | Abyss:2  | Reached XP level 26. HP: 153/172 MP: 38/46
 98666 | Abyss:3  | Identified Noelih's Incunabulum of Glacial Augmentations
 99487 | Abyss:3  | Found a corrupted altar of Lugonu.
100999 | Abyss:3  | Found a corrupted altar of Lugonu.
101062 | Abyss:3  | Found a corrupted altar of Lugonu.
101309 | Abyss:3  | Found a corrupted altar of Lugonu.
101449 | Abyss:3  | Got an abyssal rune of Zot
101455 | Abyss:3  | Paralysed by accursed screaming for 1 turns
101460 | Abyss:3  | Mangled by a tentacled starspawn

Action                   |  1- 3 |  4- 6 |  7- 9 | 10-12 | 13-15 | 16-18 | 19-21 | 22-24 | 25-27 || total
-------------------------+-------+-------+-------+-------+-------+-------+-------+-------+-------++-------
Melee: Unarmed           |    20 |       |       |       |       |       |       |       |       ||    20
       Dagger            |    34 |    45 |       |       |       |       |       |       |       ||    79
       Hammer            |       |       |   323 |   267 |     6 |       |       |       |       ||   596
       Staff             |       |       |       |    13 |    24 |   211 |    44 |   426 |   193 ||   911
Throw: Stone             |       |       |     2 |       |       |       |       |       |       ||     2
 Cast: Freeze            |    27 |    18 |    50 |    85 |    35 |     2 |       |       |       ||   217
       Throw Frost       |     1 |    13 |    68 |   121 |   125 |    25 |       |     2 |       ||   355
       Throw Icicle      |       |       |    50 |   153 |   306 |   383 |   250 |   534 |   296 ||  1972
       Summon Ice Beast  |       |       |       |    46 |     6 |     3 |       |     1 |       ||    56
       Ozocubu's Armour  |       |       |       |     4 |     6 |     3 |     6 |    12 |     5 ||    36
       Venom Bolt        |       |       |       |    17 |    13 |     3 |       |       |       ||    33
       Orb of Destructio |       |       |       |     2 |    43 |    66 |    48 |    81 |    90 ||   330
       Freezing Cloud    |       |       |       |       |       |   179 |   187 |   256 |    71 ||   693
       Animate Dead      |       |       |       |       |       |    31 |     9 |       |       ||    40
       Repel Missiles    |       |       |       |       |       |     1 |     4 |     3 |       ||     8
       Simulacrum        |       |       |       |       |       |       |    42 |    61 |    11 ||   114
       Bolt of Cold      |       |       |       |       |       |       |     6 |    13 |    54 ||    73
       Blink             |       |       |       |       |       |       |       |     3 |    10 ||    13
       Apportation       |       |       |       |       |       |       |       |       |     1 ||     1
Evoke: Wand              |     1 |     5 |     8 |     3 |     7 |    18 |     9 |     2 |     8 ||    61
       Fan of gales      |       |       |       |       |       |       |       |       |     1 ||     1
  Use: Scroll            |       |       |    12 |    10 |     8 |    20 |     5 |     8 |    26 ||    89
       Potion            |       |       |     9 |     9 |     4 |     8 |     4 |     9 |    24 ||    67
 Stab: Sleeping          |     6 |     8 |    16 |    13 |       |    13 |       |     2 |       ||    58
       Distracted        |       |       |     1 |       |     1 |       |       |     2 |     1 ||     5
  Eat: Chunk             |     2 |     6 |    32 |    39 |    50 |    81 |    63 |   109 |    58 ||   440
       Beef jerky        |       |       |     3 |     3 |     2 |     5 |     2 |     2 |       ||    17
       Fruit             |       |       |     3 |     9 |    10 |     7 |       |       |     3 ||    32
       Pizza             |       |       |       |     1 |     2 |     2 |     2 |     2 |     3 ||    12
       Royal jelly       |       |       |       |     8 |     3 |       |       |     1 |     1 ||    13
       Meat ration       |       |       |       |       |       |     4 |     4 |     2 |       ||    10
